 Dungeon Crawl Stone Soup version 0.27.0-1-g7a089689b8 (webtiles) character file.

Game seed: 8573081938715517754

910 Lordbubyan the Destroyer (level 7, -1/36 HPs)
             Began as a Deep Elf Conjurer on Aug 13, 2021.
             Slain by an orc warrior (8 damage)
             ... on level 4 of the Dungeon.
             The game lasted 00:29:03 (4778 turns).

Lordbubyan the Destroyer (Deep Elf Conjurer)        Turns: 4778, Time: 00:29:03

Health: -1/36      AC:  2    Str:  4    XL:     7   Next: 81%
Magic:  1/13       EV: 12    Int: 25    God:
Gold:   210        SH:  0    Dex: 13    Spells: 9/12 levels left

rFire    . . .     SeeInvis .   h - +0 hand axe (freeze)
rCold    . . .     Faith    .   (no shield)
rNeg     . . .     Spirit   .   a - +0 robe
rPois    .         Reflect  .   (no helmet)
rElec    .         Harm     .   (no cloak)
rCorr    .         Rampage  .   (no gloves)
Will     .....                  (no boots)
Stlth    ++........             (no amulet)
HPRegen  0.12/turn              (no ring)
MPRegen  0.13/turn              (no ring)

@: no status effects
A: no striking features
a: no special abilities


You were on level 4 of the Dungeon.
You visited 1 branch of the dungeon, and saw 4 of its levels.

You collected 210 gold pieces.

Inventory:

Hand Weapons
 h - a +0 hand axe of freezing (weapon)
 j - a +0 dagger of venom
 o - a +2 morningstar of flaming
 q - a +1 dagger of speed
 r - a +0 hand axe of holy wrath
 t - a +2 vorpal spear
 v - a +2 short sword of freezing
Missiles
 c - 6 boomerangs
Armour
 a - a +0 robe (worn)
Wands
 s - a wand of mindburst (6)
Scrolls
 d - 3 scrolls of identify {unknown}
 f - a scroll of enchant armour {unknown}
 g - 3 scrolls of teleportation {unknown}
 i - a scroll of fog {unknown}
 l - a scroll of noise {unknown}
 n - a scroll of summoning {unknown}
 w - a scroll of vulnerability {unknown}
Potions
 b - 3 potions of lignification {unknown}
 e - a potion of haste {unknown}
 k - a potion of flight {unknown}
 m - a potion of might {unknown}
 p - a potion of magic {unknown}
 u - a potion of invisibility {unknown}


   Skills:
 - Level 2.4 Dodging
 - Level 2.4 Stealth
 - Level 3.0 Spellcasting
 + Level 10.6 Conjurations


You had 9 spell levels left.
You knew the following spells:

 Your Spells              Type           Power      Damage    Failure   Level
a - Magic Dart            Conj           100%       1d8       1%          1
b - Searing Ray           Conj           100%       3d7       1%          2

Your spell library contained the following spells:

 Spells                   Type           Power      Damage    Failure   Level
 Dazzling Flash           Conj/Hex       60%        N/A       3%          3
 Fulminant Prism          Conj/Hex       15%        3d11      11%         4
 Iskenderun's Mystic Bla  Conj/Tloc      30%        2d8       11%         4


Dungeon Overview and Level Annotations

Branches:
Dungeon (4/15)
 Temple: D:4-7

Altars:
Cheibriados
Xom

Shops:
D:3 [*[[*


Message History

Confirm with . or Enter, or press ? or * to list all spells.
Restarting spell: Searing Ray (safe; 1% risk of failure)
Press: ? - help, Shift-Dir - straight line, f - orc, p - orc warrior
Aim: an orc, wielding a +0 short sword (83% to hit)
The searing ray hits the orc warrior.
The orc warrior is heavily wounded.
The searing ray hits the orc.
The orc is severely wounded. (Press . to maintain the ray.)
The orc warrior misses you.
The searing ray hits the orc warrior.
The orc warrior is almost dead.
The searing ray hits the orc!
You kill the orc!
The orc warrior barely misses you.
The searing ray hits the orc warrior but does no damage.
The orc warrior is almost dead.
The searing ray hits the orc!
You kill the orc!
The orc warrior hits you with a +0 hand axe!
Casting: Searing Ray (safe; 1% risk of failure)
Confirm with . or Enter, or press ? or * to list all spells.
Aiming: Magic Dart (safe; 1% risk of failure)
Press: ? - help, Shift-Dir - straight line, f - orc warrior
Aim: an orc warrior, wielding a +0 hand axe and wearing a +0 plate armour (almost dead, 100% to hit)
The magic dart hits the orc warrior but does no damage.
The orc warrior is almost dead.
The orc warrior hits you with a +0 hand axe!
Unknown command.
Casting: Magic Dart (safe; 1% risk of failure)
Confirm with . or Enter, or press ? or * to list all spells.
Aiming: Magic Dart (safe; 1% risk of failure)
Press: ? - help, Shift-Dir - straight line, f/p - orc warrior
Aim: an orc warrior, wielding a +0 hand axe and wearing a +0 plate armour (almost dead, 100% to hit)
The magic dart hits the orc warrior.
The orc warrior is almost dead.
The orc warrior hits you with a +0 hand axe.
* * * LOW HITPOINT WARNING * * *
The orc warrior hits you with a +0 hand axe!
You die...

...# .#.# #..<#
#..##### ....
.......# ...
...###.# .). .###
#.# #)# .# ##.####
#.# .#
#.....#######o#
.####...........@.#
..........#########
#####.............
#.>...########
######...##
#........#
#.#......#
#.#.###.##
#.#..##.#


You could see an orc warrior.

Vanquished Creatures
  Sigmund (D:2)
  A black bear (D:4)
  An ogre (D:4)
  3 wights (D:4)
  An orc priest (D:4)
  2 hounds (D:4)
  Ijyb (D:4)
  An iguana (D:4)
  3 orc wizards (D:4)
  Natasha (thrice) (D:2)
  2 adders (D:3)
  An adder skeleton (D:4)
  2 worms
  5 dart slugs
  24 orcs
  5 endoplasms
  3 giant cockroaches
  2 goblins
  5 hobgoblins
  8 jackals
  8 kobolds
  5 quokkas
  5 ball pythons
  6 bats
  3 frilled lizards
101 creatures vanquished.

Notes
Turn   | Place    | Note
-------+----------+-------------------------------------------
     0 | D:1      | Lordbubyan the Deep Elf Conjurer began the quest for the
                  | Orb.
     0 | D:1      | Reached XP level 1. HP: 10/10 MP: 6/6
   267 | D:1      | Reached XP level 2. HP: 15/15 MP: 4/8
   271 | D:1      | Reached skill level 5 in Conjurations
   933 | D:2      | Reached XP level 3. HP: 19/19 MP: 3/9
  1228 | D:1      | Learned a level 2 spell: Searing Ray
  1231 | D:2      | Noticed Natasha
  1236 | D:2      | Killed Natasha
  1237 | D:2      | Reached skill level 6 in Conjurations
  1353 | D:2      | Noticed Natasha
  1355 | D:2      | Killed Natasha
  1356 | D:2      | Reached XP level 4. HP: 24/24 MP: 6/10
  1835 | D:2      | Noticed Natasha
  1838 | D:2      | Killed Natasha
  1895 | D:2      | Noticed Sigmund
  1902 | D:2      | Killed Sigmund
  1903 | D:2      | Reached skill level 8 in Conjurations
  1903 | D:2      | Reached XP level 5. HP: 28/28 MP: 2/11
  1903 | D:2      | Reached XP level 6. HP: 32/32 MP: 2/12
  2398 | D:3      | Found Soecresch's General Store.
  2437 | D:3      | Found Palufoaxt's Armour Shop.
  2562 | D:3      | Found Kigen's Armour Boutique.
  2818 | D:3      | Found Roxyaloq's General Store.
  2938 | D:3      | Found a shimmering altar of Xom.
  3060 | D:3      | Found a snail-covered altar of Cheibriados.
  3069 | D:3      | Found Jotiapte's Antique Armour Shoppe.
  3460 | D:4      | Reached skill level 9 in Conjurations
  3614 | D:4      | Reached XP level 7. HP: 36/36 MP: 6/13
  3836 | D:4      | Noticed Ijyb
  3840 | D:4      | Killed Ijyb
  4172 | D:4      | Reached skill level 10 in Conjurations
  4778 | D:4      | Slain by an orc warrior

Illustrated notes

Levels and vault maps discovered:
D:1:      lemuel_arrival_river_bridge, layout_basic, minmay_misc_feat_rows,
          chequers_serial_rivers_micro_c, minmay_pentomino_v2
D:2:      layout_basic, minmay_cupped, uniq_sigmund, uniq_natasha
D:3:      layout_loops_cross, brannock_xom_greatest_gift, cheibriados_altar_1,
          serial_shops, nicolae_diamond_shop, nicolae_lakefront_shop,
          nicolae_shop_trees, nicolae_square_shop, shop
D:4:      minmay_general_purpose_star, layout_loops_ring, grunt_ministairs_12,
          uniq_grinder, uniq_ijyb

Skill      XL: |  1  2  3  4  5  6  7 |
---------------+----------------------+-----
Conjurations   | 5 6 8 9 10 | 10.6
Dodging        | |  2.4
Stealth        | |  2.4
Spellcasting   | |  3.0

Action                   |  1- 3 |  4- 6 |  7- 9 || total
-------------------------+-------+-------+-------++-------
Melee: Hand axe          |       |       |     1 ||     1
 Cast: Magic Dart        |    61 |    48 |    19 ||   128
       Searing Ray       |     3 |    18 |    23 ||    44
Armor: Robe              |     1 |     4 |     3 ||     8
Dodge: Dodged            |     4 |     6 |    13 ||    23
